 Dungeon Crawl Stone Soup version 0.31-a0-845-g9abc20d24f (webtiles) character file.

Game seed: 6053599553567037712

18 wvc the Vexing (level 2, -3/17 (22) HPs)
             Began as a Human Wanderer on Oct 1, 2023.
             Slain by a kobold
             ... wielding a +0 club
              (4 damage)
             ... on level 2 of the Dungeon.
             The game lasted 00:01:59 (919 turns).

wvc the Vexing (Human Wanderer)                      Turns: 919, Time: 00:02:00

HP:   -3/17 (22)    AC:  2    Str: 11    XL:     2   Next: 85%
MP:   5/5           EV: 11    Int: 14    God:
Gold: 60            SH:  0    Dex: 11    Spells: 5/5 levels left

rFire   . . .        a - +0 quarterstaff
rCold   . . .        (shield currently unavailable)
rNeg    . . .        c - +0 robe
rPois   .            (no helmet)
rElec   .            (no cloak)
rCorr   .            (no gloves)
SInv    .            (no boots)
Will    .....        (no amulet)
Stlth   +            (no ring)
HPRegen 0.22/turn    (no ring)
MPRegen 0.09/turn

%: no passive effects
@: heavily drained
A: no striking features
a: no special abilities


You were on level 2 of the Dungeon.
You visited 1 branch of the dungeon, and saw 2 of its levels.

You collected 60 gold pieces.

Inventory:

Hand Weapons
 a - a +0 quarterstaff (weapon)
Armour
 c - a +0 robe (worn)
 h - a scarf of harm
Scrolls
 b - a scroll of blinking
 e - 2 scrolls of identify {unknown}
 g - a scroll of acquirement {unknown}
 i - a scroll of enchant weapon {unknown}
Potions
 d - a potion of attraction
 f - a potion of haste {unknown}
 j - 2 potions of mutation {unknown}


   Skills:
 + Level 2.2 Fighting
 * Level 1.4 Staves
 + Level 0.9 Dodging
 - Level 2.0 Spellcasting
 - Level 4.0 Hexes
 - Level 1.0 Earth Magic
 - Level 1.0 Evocations


You had 5 spell levels left.
You didn't know any spells.
Your spell library contained the following spells:

 Spells                   Type           Power      Damage    Failure   Level
 Slow                     Hex            48%        N/A       4%          1
 Sandblast                Erth           8%         2d5       16%         1
 Dazzling Flash           Conj/Hex       14%        N/A       30%         3
 Inner Flame              Hex/Fire       7%         N/A       30%         3
 Stone Arrow              Conj/Erth      4%         3d7       50%         3


Dungeon Overview and Level Annotations

Branches:
Dungeon (2/15)

Altars:


Message History

You barely miss the kobold.
The kobold is severely wounded.
The kobold barely misses you.
You closely miss the kobold.
The kobold is severely wounded.
The kobold barely misses you.
You miss the kobold.
The kobold is severely wounded.
The kobold throws a stone.
The stone completely misses you. The kobold hits you with a +0 club.
The kobold closely misses you.
You closely miss the kobold.
The kobold is severely wounded.
The kobold hits you with a +0 club.
You thump the kobold!
You kill the kobold!
You hit the goblin but do no damage. The kobold misses you.
The goblin hits you with a +1 dagger of draining.
You feel drained.
A rat comes into view.
You closely miss the goblin.
The goblin hits you with a +1 dagger of draining.
You feel drained. The kobold hits you with a +0 club.
You are too injured to fight recklessly!
You are too injured to fight recklessly!
You are too injured to fight recklessly!
You closely miss the goblin. The kobold misses you.
The goblin barely misses you. The goblin hits you but does no damage.
You feel drained. The kobold barely misses you.
You hit the goblin.
The goblin is heavily wounded.
The kobold hits you with a +0 club.
* * * LOW HITPOINT WARNING * * *
The goblin hits you with a +1 dagger of draining.
* * * LOW HITPOINT WARNING * * *
You feel drained.
* * * LOW HITPOINT WARNING * * *
You closely miss the goblin.
The goblin is heavily wounded.
The kobold hits you with a +0 club.
You die...

# #####. ## ......
... .....w# ....
.S....> .....######
.......###
..........#
<......<.#
......g@..#
........##
.......K..#
.........
..........#
.......#.# #
....!.....# .......
.#
#############......#
....... .# ........#
###......# ######.
##
....#...##.........#
#.
.....#.#.........###
.....#.#........


You could see a goblin and a kobold.

Vanquished Creatures
  2 ball pythons (D:1)
  2 endoplasms (D:1)
  2 hobgoblins
  2 kobolds
  A quokka (D:1)
  3 bats
  A frilled lizard (D:2)
  A goblin (D:1)
  4 rats (D:1)
18 creatures vanquished.

Notes
Turn   | Place    | Note
-------+----------+-------------------------------------------
     0 | D:1      | wvc the Human Wanderer began the quest for the Orb.
     0 | D:1      | wvc set off with the following items: a +0 club, a scroll
                  | of blinking, a +0 robe, a potion of attraction; and the
                  | following spells available to memorise: Slow, Sandblast,
                  | Dazzling Flash, Inner Flame, Stone Arrow.
     0 | D:1      | Reached XP level 1. HP: 16/16 MP: 3/3
   107 | D:1      | Reached XP level 2. HP: 22/22 MP: 5/5
   179 | D:1      | Reached skill level 1 in Staves
   919 | D:2      | Slain by a kobold

Illustrated notes

Levels and vault maps discovered:
D:1:      lemuel_arrival_lava_pool, layout_loops_ring, serial_bayou_pond_c,
          minmay_misc_feat_pillars
D:2:      layout_basic, nicolae_titane

Skill      XL: |  1  2 |
---------------+-------+-----
Staves         | 1 |  1.4
Fighting       | |  2.2
Dodging        | |  0.9
Spellcasting   | |  2.0
Hexes          | |  4.0
Earth Magic    | |  1.0
Evocations     | |  1.0

Action                     || total
---------------------------++-------
  Melee: Quarterstaff      ||    64
   Stab: Sleeping          ||     1
 Armour: Robe              ||    55
  Dodge: Dodged            ||    49

Table legend: (Time is in decaauts)
 A = Elapsed time spent in this place.
 B = Non-inter-level travel time spent in this place.
 C = Inter-level travel time spent in this place.
 D = Time resting spent in this place.
 E = Time spent auto-exploring this place.
 F = Levels seen in this place.
 G = Mean time per level.
                   A        B        C        D        E       F      G
               +--------+--------+--------+--------+--------+-----+--------+
         Total |    938 |    881 |     57 |     62 |    619 |   2 |  469.0 |
       Dungeon |    938 |    881 |     57 |     62 |    619 |   2 |  469.0 |
               +--------+--------+--------+--------+--------+-----+--------+

Top non-repeatable levels by time:
     D:1: 853 daAuts
     D:2: 85 daAuts
